Map: Abyssal Reef LE

Players

GingerNinja - Winner!

  • Race: Protoss Protoss
  • League: Silver
  • Spawn Location: 5:00

WeAreLegion

  • Race: Terran Terran
  • League: Silver
  • Spawn Location: 11:00

VOD

Have the link to the VOD?

Description

Time

  • Played on: Dec. 13, 2024, 12:26 a.m.
  • Length: 17:18
Show
View Real Time Build Order
Export as new Build Order

GingerNinja Protoss - Winner!

Build Orders:  

Get SALT Encoding   

  12  0:01  Probe  
  13  0:13  Probe  
  14  0:21  Pylon  
  14  0:25  Probe  
  15  0:40  Forge  
  15  0:41  Probe  
  16  0:53  Probe  
  16  0:55  Gateway  
  17  1:09  Probe  
  17  1:10  Pylon  
  17  1:17  Probe  
  18  1:21  Pylon  
  19  1:35  Pylon  
  19  1:42  Probe  
  19  1:50  Probe  
  19  1:58  Nexus  
  20  2:01  Pylon  
  20  2:03  Probe  
  21  2:09  Assimilator  
  21  2:13  Assimilator  
  21  2:15  Probe  
  22  2:27  Probe, Photon Cannon  
  23  2:33  Photon Cannon  
  23  2:38  Photon Cannon  
  23  2:48  Cybernetics Core  
  23  2:50  Probe  
  23  2:58  Probe  
  24  3:00  Pylon  
  25  3:08  Probe  
  25  3:10  Probe  
  27  3:16  Probe  
  27  3:22  Probe  
  27  3:24  Probe  
  27  3:26  Warp Gate  
  29  3:32  Probe  
  30  3:36  Probe  
  30  3:38  Gateway  
  30  3:40  Probe  
  32  3:48  Assimilator, Probe x2  
  34  3:50  Assimilator  
  35  4:00  Probe x2  
  37  4:03  Gateway  
  37  4:09  Twilight Council  
  37  4:12  Pylon  
  37  4:13  Probe  
  37  4:16  Probe  
  38  4:21  Probe  
  38  4:22  Pylon  
  39  4:24  Probe  
  41  4:34  Stalker, Probe  
  43  4:46  Probe  
  44  4:55  Probe  
  44  4:58  Probe  
  46  5:01  Blink  
  46  5:07  Probe  
  47  5:17  Stalker x2  
  47  5:18  Stalker  
  53  5:23  Protoss Ground Weapons Level 1  
  53  5:29  Forge  
  53  5:35  Stargate  
  53  5:38  Robotics Facility  
  53  5:43  Templar Archives  
  53  5:56  Nexus  
  53  5:57  Stalker x3  
  53  6:03  Pylon  
  59  6:05  Pylon  
  59  6:10  Assimilator  
  59  6:14  Assimilator  
  59  6:20  Stalker  
  59  6:21  Stalker x2  
  65  6:27  Protoss Shields Level 1  
  55  6:41  Probe  
  56  6:49  Probe  
  57  6:56  Probe  
  57  6:57  Stalker x3  
  57  6:59  Probe  
  65  7:02  Charge  
  65  7:04  Probe  
  65  7:11  Probe  
  65  7:14  Probe  
  71  7:15  Probe  
  71  7:21  Void Ray  
  71  7:22  Probe  
  73  7:23  Probe  
  73  7:26  Probe  
  76  7:30  Probe  
  76  7:33  Probe  
  78  7:37  Psionic Storm  
  78  7:38  Probe x2  
  78  7:40  Zealot x3  
  86  7:45  Observer  
  86  7:49  Probe  
  88  8:01  Probe, High Templar x2  
  88  8:02  High Templar  
  95  8:12  Void Ray  
  99  8:20  Observer  
  100  8:30  Gateway  
  100  8:32  Gateway  
  100  8:34  Pylon  
  100  8:38  Gateway  
  100  8:55  Zealot  
  100  8:56  Zealot x2  
  106  9:04  Pylon  
  106  9:05  Pylon  
  106  9:07  Pylon  
  106  9:10  Pylon  
  100  9:25  Void Ray  
  100  9:32  Zealot x5  
  102  10:01  Stalker x2  
  102  10:02  Stalker x4  
  114  10:12  Void Ray  
  118  10:31  Stargate  
  118  10:33  Stargate  
  118  10:35  Nexus  
  118  10:37  Stargate  
  118  10:39  Stargate  
  118  10:41  Zealot x5  
  118  10:42  Zealot  
  130  10:51  Pylon  
  130  10:56  Pylon  
  102  11:30  Stalker  
  102  11:31  Stalker x4  
  110  11:53  Void Ray  
  110  11:54  Void Ray x2  
  128  11:58  Void Ray  
  128  11:59  Void Ray  
  116  12:41  Void Ray  
  112  12:50  Stalker x6  
  132  12:59  Void Ray  
  132  13:01  Void Ray x2  
  136  13:06  Void Ray  
  136  13:14  Zealot x4  
  148  13:24  Void Ray  
  154  13:42  Void Ray  
  154  13:44  Void Ray  
  154  13:47  Zealot x5  
  154  13:48  Zealot  
  170  13:58  Void Ray  
  169  14:24  Probe  
  170  14:32  Probe  
  171  14:42  Probe  
  171  14:44  Fleet Beacon  
  171  15:01  Void Ray  
  171  15:05  Pylon  
  171  15:06  Pylon  
  161  16:29  Stalker x4  
  161  16:30  Stalker x2  
Show
View Real Time Build Order
Export as new Build Order

WeAreLegion Terran 

Build Orders:  

Get SALT Encoding   

  12  0:00  SCV  
  13  0:12  SCV  
  14  0:17  Supply Depot  
  14  0:26  SCV  
  15  0:38  SCV  
  15  0:40  Barracks  
  16  0:44  Refinery  
  16  0:53  SCV  
  17  1:05  SCV  
  18  1:17  SCV  
  19  1:29  SCV  
  20  1:45  Supply Depot  
  20  1:48  Orbital Command  
  20  1:58  Reaper  
  21  2:14  SCV  
  22  2:26  SCV  
  23  2:32  Factory  
  23  2:33  Marine  
  24  2:44  SCV  
  25  2:51  Refinery  
  25  2:56  SCV  
  26  3:03  Command Center  
  26  3:14  SCV, Barracks Reactor  
  27  3:21  Supply Depot  
  27  3:25  Factory Tech Lab  
  27  3:26  SCV  
  28  3:33  Starport  
  28  3:38  SCV  
  29  3:46  Siege Tank  
  32  3:50  SCV, Marine  
  32  3:51  Marine  
  35  4:02  SCV  
  36  4:07  Engineering Bay  
  36  4:08  Marine  
  37  4:14  SCV  
  37  4:16  Medivac  
  40  4:20  Widow Mine  
  42  4:27  Orbital Command  
  42  4:31  SCV  
  42  4:33  Marine  
  44  4:38  Marine  
  45  4:51  Marine  
  45  4:53  Widow Mine  
  45  4:56  Marine  
  48  5:01  SCV x2  
  50  5:09  Marine  
  50  5:11  Starport Tech Lab  
  50  5:13  SCV x2  
  53  5:14  Marine  
  53  5:15  Supply Depot  
  53  5:16  Supply Depot  
  53  5:20  Terran Infantry Weapons Level 1  
  54  5:25  Missile Turret  
  54  5:36  SCV x2, Marine  
  54  5:38  Barracks  
  54  5:40  Barracks  
  57  5:48  SCV x2  
  59  5:55  Marine x2  
  61  6:00  SCV x2  
  61  6:03  Barracks  
  63  6:07  Command Center  
  63  6:12  SCV  
  63  6:13  SCV, Barracks  
  63  6:14  Marine x2  
  67  6:24  SCV  
  68  6:25  SCV  
  68  6:31  Marine  
  70  6:39  SCV x2, Marine  
  65  6:43  Raven  
  65  6:46  Marine x2  
  67  6:49  Marine  
  67  6:50  Marine  
  69  6:57  Siege Tank, Marine  
  73  7:02  Supply Depot  
  73  7:04  Supply Depot, Barracks Tech Lab, Marine  
  74  7:09  Barracks Tech Lab  
  74  7:11  Barracks Reactor  
  74  7:19  Marine  
  74  7:20  Marine  
  76  7:26  Supply Depot  
  76  7:27  Supply Depot  
  76  7:29  Siege Tank, SCV  
  80  7:33  SCV  
  80  7:36  Marine x3  
  84  7:37  Marine  
  84  7:41  Viking  
  84  7:42  SCV  
  88  7:46  SCV  
  88  7:48  Orbital Command  
  89  7:54  SCV  
  89  7:55  Marauder x2  
  89  7:58  SCV  
  95  8:01  Siege Tank, Marine x2  
  103  8:06  SCV  
  103  8:10  SCV  
  103  8:13  Barracks Reactor  
  103  8:16  Marauder x2  
  103  8:17  Armory  
  103  8:18  SCV  
  107  8:20  Engineering Bay  
  107  8:26  Marine x2  
  109  8:37  Marauder x2  
  113  8:44  Marine x2  
  115  8:59  Marauder  
  109  9:34  SCV x3  
  109  9:35  Marine x5  
  109  9:36  Siege Tank, Marauder x2  
  124  9:40  Medivac  
  124  9:41  Medivac  
  123  9:46  SCV x2  
  123  9:47  SCV  
  119  9:54  Marauder  
  119  9:57  Marauder  
  119  9:58  SCV  
  124  10:03  SCV  
  125  10:15  Command Center  
  125  10:16  SCV x3, Siege Tank  
  125  10:17  Supply Depot  
  125  10:19  Terran Infantry Weapons Level 2  
  125  10:20  Supply Depot  
  131  10:21  Terran Infantry Armor Level 1  
  131  10:23  Command Center  
  131  10:28  SCV  
  131  10:29  SCV x2  
  134  10:41  Supply Depot  
  134  10:45  SCV  
  134  10:49  Siege Tank  
  117  11:15  Marine x4  
  117  11:16  Marine, Marauder x2  
  117  11:17  Viking x2  
  92  11:30  Missile Turret  
  92  11:32  Missile Turret  
  92  11:33  Missile Turret  
  92  11:34  Missile Turret x3, Marauder  
  92  11:36  Planetary Fortress  
  92  11:38  Marauder x2  
  95  11:41  Marine x4  
  95  11:45  Missile Turret x2, Widow Mine  
  101  11:47  Orbital Command, Missile Turret  
  99  11:55  Marine  
  99  11:59  Marine, Marauder  
  103  12:02  Missile Turret  
  103  12:04  Missile Turret  
  103  12:05  Missile Turret x2  
  103  12:06  Missile Turret  
  66  12:48  Marine x6  
  66  12:49  Marauder  
  74  12:56  Viking  
  76  13:01  Command Center  
  76  13:05  Marine  
  76  13:06  Marine x3, Marauder  
  76  13:07  Marauder  
  76  13:10  Marauder  
  80  13:23  Marine  
  80  13:28  SCV x2, Marine x3, Marauder x2  
  80  13:32  Marauder  
  90  13:41  Marine  
  90  13:46  Stimpack  
  91  13:49  Marauder x2  
  91  13:53  Marauder  
  97  13:56  Refinery  
  97  13:58  Refinery  
  97  14:03  Refinery  
  97  14:05  Refinery  
  97  14:11  Marauder x2  
  97  14:12  SCV  
  97  14:13  SCV  
  97  14:14  Marauder  
  105  14:20  Orbital Command  
  105  14:25  SCV x2  
  105  14:28  Marine  
  105  14:29  Marine x2  
  110  14:32  Marauder x2  
  110  14:36  Marauder  
  110  14:37  SCV  
  117  14:39  Terran Infantry Armor Level 2  
  117  14:41  Viking x2  
  121  14:48  SCV  
  121  14:50  Marine x4  
  126  14:53  Marine, Marauder  
  126  14:57  Marauder  
  131  15:08  Siege Tank, Marine x4  
  131  15:11  Marauder, Viking x2  
  144  15:15  Marauder  
  144  15:19  Marauder  
  146  15:25  Marine  
  128  15:33  Marauder  
  121  15:36  Marauder  
  121  15:40  Marauder  
  120  15:54  Marauder  
  120  15:55  Missile Turret  
  113  15:58  Missile Turret x2  
  113  15:59  Missile Turret  
  113  16:02  Missile Turret  
  113  16:03  Missile Turret  
  109  16:06  Missile Turret  
  107  16:11  Marine  
  107  16:15  Missile Turret  
  108  16:18  Missile Turret x2  
  108  16:21  Missile Turret  
  104  16:28  Missile Turret  
  104  16:29  Marine, Missile Turret  
  73  17:05  Supply Depot  
  73  17:07  Supply Depot  
  58  17:08  Engineering Bay  
Tags
 
Matchup
PvT
Replay Pack
December
Spawn Locations
Cross Positions
Add a new tag
Caveats
  • Supply blocks, unpowered buildings, or Contaminate may cause inaccurate times.
  • Supply counts are checked every 10 seconds.